 Dungeon Crawl Stone Soup version 0.27-a0-333-gfa571bf19a (webtiles) character file.

Game seed: 14286039269008253283

78 inc the Caller (level 4, -5/18 HPs)
             Began as a Felid Summoner on Feb 12, 2021.
             Shot with an arrow by a centaur (9 damage)
             ... on level 5 of the Dungeon.
             The game lasted 00:06:23 (5487 turns).

inc the Caller (Felid Summoner)                     Turns: 5487, Time: 00:06:23

Health: -5/18      AC:  1    Str:  4    XL:     4   Next: 15%
Magic:  2/8        EV: 18    Int: 17    God:
Gold:   97         SH:  0    Dex: 16    Spells: 1/7 levels left
                                        Lives:  0   Deaths: 1

rFire    . . .     SeeInvis +   (weapon unavailable)
rCold    . . .     Faith    .   (shield unavailable)
rNeg     . . .     Spirit   .   (armour unavailable)
rPois    .         Reflect  .   (helmet unavailable)
rElec    .         Harm     .   (cloak unavailable)
rCorr    .         Rampage  .   (gloves unavailable)
Will     .....                  (boots unavailable)
Stlth    +++.......             (no amulet)
HPRegen  0.06/turn              (no ring)
MPRegen  0.11/turn              (no ring)

@: quick
A: very small, no armour, no weapons or thrown items, stealth, claws 1, fangs 3,
see invisible, speed 1, shaggy fur 1, sharp paws
a: no special abilities


You were on level 5 of the Dungeon.
You visited 1 branch of the dungeon, and saw 5 of its levels.

You collected 97 gold pieces.

Inventory:

Jewellery
 i - a ring of fire
Scrolls
 a - a scroll of blinking {unknown}
 b - 2 scrolls of identify {unknown}
 c - 2 scrolls of fog {unknown}
 d - a scroll of immolation {unknown}
 e - a scroll of fear {unknown}
 f - 2 scrolls of amnesia {unknown}
 g - 2 scrolls of teleportation {unknown}
 j - a scroll of random uselessness {unknown}
Potions
 h - a potion of ambrosia {unknown}


   Skills:
 + Level 0.8 Fighting
 - Level 2.6 Dodging
 - Level 2.6 Stealth
 - Level 2.0 Spellcasting
 - Level 6.3 Summonings


You had one spell level left.
You knew the following spells:

 Your Spells              Type           Power        Failure   Level
a - Call Canine Familiar  Summ           23%          4%          3
b - Call Imp              Summ           23%          2%          2
g - Summon Small Mammal   Summ           92%          1%          1

Your spell library contained the following spells:

 Spells                   Type           Power        Failure   Level
 Summon Guardian Golem    Hex/Summ       12%          16%         3
 Summon Ice Beast         Ice/Summ       12%          47%         4
 Summon Lightning Spire   Summ/Air       12%          47%         4


Dungeon Overview and Level Annotations

Branches:
Dungeon (5/15)
 Temple: D:4-7

Altars:
Nemelex Xobeh


Innate Abilities, Weirdness & Mutations

You cannot wear armour.
You are incapable of wielding weapons or throwing items.
Your paws allow you to move quietly. (Stealth)
You have sharp claws.
You have razor-sharp teeth.
You have supernaturally acute eyesight. (SInv)
You cover ground quickly.
You are covered in fur. (AC +1)
Your sharp claws are effective at attacking unaware monsters.


Message History

Casting: Call Imp (safe; 2% risk of failure)
Confirm with . or Enter, or press ? or * to list all spells.
A beastly little devil appears in a puff of frigid air.
The centaur shoots an arrow.
The arrow hits your white imp!
Your white imp dies!
Casting: Call Imp (safe; 2% risk of failure)
Confirm with . or Enter, or press ? or * to list all spells.
A beastly little devil appears in a puff of flame.
The centaur shoots an arrow.
The arrow barely misses you.
You swap places.
The centaur shoots an arrow.
The arrow hits your crimson imp.
Your crimson imp blinks!
The centaur shoots an arrow.
The arrow barely misses you.
You start resting.
A centaur is nearby!
Casting: Call Imp (safe; 2% risk of failure)
Confirm with . or Enter, or press ? or * to list all spells.
The spell is quite dangerous to cast (4% risk of failure)!
Continue anyway?
The centaur unwields a +0 shortbow.
The centaur hits your crimson imp but does no damage.
Your crimson imp hits the centaur.
The centaur wields a +0 shortbow.
The centaur shoots an arrow.
The arrow barely misses your crimson imp.
The arrow completely misses you.
Your crimson imp hits the centaur.
You swap places.
The centaur unwields a +0 shortbow.
The centaur misses your crimson imp.
Your crimson imp blinks!
The centaur closely misses your hound.
Your hound bites the centaur.
The centaur wields a +0 shortbow.
The centaur shoots an arrow.
The arrow misses your hound. The arrow hits you!
Ouch! That really hurt!
* * * LOW HITPOINT WARNING * * *
Your hound bites the centaur but does no damage.
The centaur shoots an arrow.
The arrow hits your hound!
Your hound completely misses the centaur.
The centaur shoots an arrow.
The arrow hits your hound!
Your hound dies!
Your hound's corpse disappears in a puff of smoke!
The centaur shoots an arrow.
The arrow hits you!
Ouch! That really hurt!
You die...

#####
##############.#<#
.......c.....c.#.#
###..#########ยง#.#
# #@#.# #.#.#
#.#'#######
#.........#
#.........#
#.........#
#.........#
#.#.######.. #.#.#
.


You could see a centaur.

Vanquished Creatures
  An adder (D:2)
  2 leopard geckos
  An orc (D:3)
  6 bats
  2 hobgoblins (D:1)
  A jackal (D:1)
  5 frilled lizards (D:3)
  5 kobolds
  5 rats
28 creatures vanquished.

Vanquished Creatures (collateral kills)
  A phantom (D:3)
  A hound (D:5)
  A worker ant (D:4)
  An adder (D:2)
  3 oozes
  4 worms
  A dart slug (D:1)
  2 leopard geckos
  2 orcs (D:3)
  6 goblins
  2 hobgoblins
  3 jackals
  2 kobolds
  4 quokkas
  A bat (D:3)
  3 rats
37 creatures vanquished.

Grand Total: 65 creatures vanquished

Notes
Turn   | Place    | Note
-------+----------+-------------------------------------------
     0 | D:1      | inc the Felid Summoner began the quest for the Orb.
     0 | D:1      | Reached XP level 1. HP: 7/7 MP: 4/4
   495 | D:1      | Reached XP level 2. HP: 9/11 MP: 3/6
   974 | D:1      | Learned a level 2 spell: Call Imp
  1482 | D:1      | Reached skill level 5 in Summonings
  1630 | D:2      | Reached XP level 3. HP: 3/14 MP: 1/7
  3737 | D:3      | Reached XP level 4. HP: 18/18 MP: 2/8
  4619 | D:4      | Found a sparkling altar of Nemelex Xobeh.
  4662 | D:4      | Noticed a phantom
  4753 | D:2      | Learned a level 3 spell: Call Canine Familiar
  4991 | D:3      | Killed a phantom
  4992 | D:3      | Reached skill level 6 in Summonings
  5172 | D:4      | Killed from afar by an orc priest
  5173 | D:4      | Reached XP level 3. HP: -1/14 MP: 2/7
  5196 | D:5      | Entered Level 5 of the Dungeon
  5206 | D:5      | Reached XP level 4. HP: 3/18 MP: 3/8
  5467 | D:5      | Noticed a centaur
  5487 | D:5      | Shot with an arrow by a centaur

Illustrated notes

Levels and vault maps discovered:
D:1:      saegor_arrival_under_anarchy, layout_loops_cross
D:2:      layout_loops_cross, minivault_23
D:3:      layout_basic, minmay_quadrilaterals
D:4:      layout_cave_pods, serial_column_ruins, column_ruins_columns_straight,
          column_ruins_open_tiny, column_ruins_open_tiny,
          column_ruins_open_small, nemelex_spade_bored_becter, uniq_robin
D:5:      layout_basic, minmay_misc_feat_tiny

Skill      XL: |  1  2  3  4 |
---------------+-------------+-----
Summonings     | 5 6 |  6.3
Fighting       | |  0.8
Dodging        | |  2.6
Stealth        | |  2.6
Spellcasting   | |  2.0

Action                   |  1- 3 |  4- 6 || total
-------------------------+-------+-------++-------
Melee: Unarmed           |    63 |    34 ||    97
       Bite              |     1 |     3 ||     4
 Cast: Summon Small Mamm |    12 |       ||    12
       Call Imp          |    30 |    20 ||    50
       Call Canine Famil |     1 |     3 ||     4
  Use: Potion            |     1 |       ||     1
 Stab: Sleeping          |    10 |       ||    10
       Distracted        |       |     1 ||     1
Armor: Skin              |     6 |     4 ||    10
Dodge: Dodged            |    65 |    38 ||   103

Table legend: (Time is in decaauts)
 A = Elapsed time spent in this place.
 B = Non-inter-level travel time spent in this place.
 C = Inter-level travel time spent in this place.
 D = Time resting spent in this place.
 E = Time spent auto-exploring this place.
 F = Levels seen in this place.
 G = Mean time per level.
                   A        B        C        D        E       F      G
               +--------+--------+--------+--------+--------+-----+--------+
         Total |   5064 |   4893 |    171 |   1417 |   2731 |   5 | 1012.8 |
       Dungeon |   5064 |   4893 |    171 |   1417 |   2731 |   5 | 1012.8 |
               +--------+--------+--------+--------+--------+-----+--------+

Top non-repeatable levels by time:
     D:2: 1763 daAuts
     D:1: 1697 daAuts
     D:3: 1158 daAuts
     D:5: 284 daAuts
     D:4: 160 daAuts
